 Dungeon Crawl Stone Soup version 0.29-a0-925-g0a7a3d12f8 (webtiles) character file.

Game seed: 990180765885505163

5189 wingedge the Sneak (level 10, -4/51 HPs)
             Began as a Vine Stalker Enchanter on July 28, 2022.
             Was a Priest of Wu Jian.
             Slain by a wraith (5 damage)
             ... on level 8 of the Dungeon.
             The game lasted 01:05:42 (7739 turns).

wingedge the Sneak (Vine Stalker Enchanter)         Turns: 7739, Time: 01:05:42

Health: -4/51      AC: 18    Str: 13    XL:     10   Next: 60%
Magic:  0/20       EV: 13    Int: 15    God:    Wu Jian [***...]
Gold:   379        SH:  0    Dex: 17    Spells: 10/21 levels left

rFire   x . .      SeeInvis .   d - +2 dagger (holy)
rCold   + + .      Faith    .   (no shield)
rNeg    . . .      Spirit   +   C - +3 ice dragon scales
rPois   .          Reflect  .   (no helmet)
rElec   .          Harm     .   w - +2 cloak
rCorr   .          Rampage  .   (no gloves)
Will    ++...                   Q - +0 pair of boots
Stlth   ++........              (no amulet)
HPRegen 0.97/turn               W - ring of willpower
MPRegen 0.17/turn               X - +4 ring of evasion

@: lethally poisoned (-4 -> -4), hasted and slowed
A: fangs 3, regeneration 1, magic shield, antimagic bite, no potion heal 2
a: Renounce Religion, Wall Jump, Serpent's Lash


You were on level 8 of the Dungeon.
You worshipped Wu Jian.
Wu Jian was most pleased with you.
You visited 2 branches of the dungeon, and saw 9 of its levels.
You also visited: Sewer.

You collected 379 gold pieces.

Inventory:

Hand Weapons
 d - a +2 dagger of holy wrath (weapon)
 m - a +2 vorpal falchion
 p - a +0 long sword
 y - a +0 vampiric dagger
 z - a +2 short sword of speed
 B - a +0 great sword
Missiles
 g - a curare-tipped dart
 j - 10 poisoned darts
 o - 4 datura-tipped darts
 s - 3 throwing nets
 P - 4 javelins
 Z - a silver boomerang
Armour
 w - a +2 cloak (worn)
 C - +3 ice dragon scales (worn)
 H - the +4 ring mail "Irphoa Zado" {Harm +Blink rC++}
   (You found it on level 4 of the Dungeon)

   rC:        It greatly protects you from cold.
   +Blink:    It lets you blink.
   Harm:      It increases damage dealt and taken.
 K - a +3 leather armour of cold resistance
 Q - a +0 pair of boots (worn)
 Y - +0 acid dragon scales
Magical Staves
 q - a staff of air
Jewellery
 c - a ring of flight
 u - a ring of protection from cold
 N - a ring of ice
 W - a ring of willpower (left hand)
 X - a +4 ring of evasion (right hand)
Wands
 a - a wand of polymorph (12)
 b - a wand of iceblast (5)
 h - a wand of light (4)
 G - a wand of digging (2)
Scrolls
 e - a scroll of torment
 l - 3 scrolls of poison
 t - 4 scrolls of magic mapping
 D - 2 scrolls of immolation
 F - a scroll of blinking {unknown}
 M - a scroll of amnesia {unknown}
 R - a scroll of teleportation {unknown}
 V - a scroll of fear {unknown}
Potions
 f - a potion of ambrosia {unknown}
 i - a potion of lignification {unknown}
 k - a potion of cancellation {unknown}
 n - a potion of berserk rage {unknown}
 r - 3 potions of attraction {unknown}
 v - a potion of brilliance
 x - a potion of mutation {unknown}
 E - a potion of degeneration {unknown}
 J - 2 potions of curing {unknown}
 L - 2 potions of haste
 O - a potion of resistance {unknown}
 S - a potion of magic {unknown}
 T - a potion of invisibility
 U - a potion of might {unknown}


   Skills:
 * Level 4.8 Fighting
 - Level 2.9(4.3) Short Blades
 * Level 4.8(5.2) Long Blades
 - Level 3.0 Throwing
 * Level 4.3 Armour
 + Level 1.9 Dodging
 + Level 6.5 Stealth
 * Level 6.2 Spellcasting
 - Level 3.0 Conjurations
 + Level 5.6 Hexes
 + Level 4.5 Ice Magic
 * Level 2.3 Air Magic
 + Level 2.1 Evocations


You had 10 spell levels left.
You knew the following spells:

 Your Spells              Type           Power      Damage    Failure   Level
a - Ensorcelled Hibernat  Hex/Ice        38%        N/A       16%         2
b - Confusing Touch       Hex            21%        N/A       26%         3
c - Dazzling Flash        Conj/Hex       34%        N/A       38%         3
d - Tukima's Dance        Hex            21%        N/A       26%         3

Your spell library contained the following spells:

 Spells                   Type           Power      Damage    Failure   Level
 Shock                    Conj/Air       48%        1d6       26%         1
 Sandblast                Erth           8%         2d5       63%         1
 Swiftness                Air            11%        N/A       67%         3
 Blink                    Tloc           8%         N/A       77%         2
 Passwall                 Tmut/Erth      3%         N/A       77%         2
 Conjure Flame            Conj/Fire      9%         6-21      80%         3
 Stone Arrow              Conj/Erth      18%        3d8       80%         3
 Ignite Poison            Fire/Tmut/Pois 4%         N/A       94%         3
 Lesser Beckoning         Tloc           4%         N/A       94%         3
 Airstrike                Air            5%         0-3+      97%         4
 Sticky Flame             Conj/Fire      9%         2d3       99%         4
 Silence                  Hex/Air        8%         N/A       99%         5
 Agony                    Necr           4%         N/A       100%        5
 Manifold Assault         Tloc           4%         N/A       100%        5


Dungeon Overview and Level Annotations

Branches:
Dungeon (8/15)             Temple (1/1) D:4           Sewer (visited)
   Lair: D:8-11

Altars:
Cheibriados
Dithmenos
Hepliaklqana
Nemelex Xobeh
Okawaru
Qazlal
Ru
Trog
Vehumet
Wu Jian


Innate Abilities, Weirdness & Mutations

You have razor-sharp teeth.
Your natural rate of healing is unusually fast.
When hurt, damage is shared between your health and your magic reserves.
Your bite disrupts and absorbs the magic of your enemies.
Potions cannot restore your health.


Message History

Sobieck's ghost is heavily damaged.
You feel sick. The wraith hits you but does no damage.
Sobieck's ghost closely misses you.
Aiming: Bolt of Light
Press: ? - help, Shift-Dir - straight line, f/p - Sobieck's ghost
Aim: Sobieck's ghost, wielding a weapon of venom (heavily damaged, blind, 64% to hit)
The bolt of light hits Sobieck's ghost.
Sobieck's ghost is severely damaged.
You feel sick. The wraith hits you but does no damage.
Sobieck's ghost hits you but does no damage.
Aiming: Bolt of Light
Press: ? - help, Shift-Dir - straight line, f/p - Sobieck's ghost
Aim: Sobieck's ghost, wielding a weapon of venom (severely damaged, blind, 64% to hit)
The bolt of light hits Sobieck's ghost!
Sobieck's ghost is almost destroyed.
You feel yourself speed up.
You feel sick.
Sobieck's ghost is no longer blind.
The wraith hits you!
* * * LOW HITPOINT WARNING * * *
The wraith drains your vigour!
You feel yourself slow down.
Sobieck's ghost gestures at you while chanting.
You resist with almost no effort.
Aiming: Bolt of Light
Press: ? - help, Shift-Dir - straight line, f/p - Sobieck's ghost
Aim: Sobieck's ghost, wielding a weapon of venom (almost destroyed, 64% to hit)
The bolt of light hits Sobieck's ghost!
Sobieck's ghost is almost destroyed.
Sobieck's ghost is blinded.
You feel sick. The wraith hits you.
* * * LOW HITPOINT WARNING * * *
The wraith drains your vigour!
You feel as though you will be slow longer.
Sobieck's ghost casts a spell at you.
The magic dart hits you but does no damage.
Aiming: Bolt of Light
Press: ? - help, Shift-Dir - straight line, f/p - Sobieck's ghost
Aim: Sobieck's ghost, wielding a weapon of venom (almost destroyed, blind, 64% to hit)
The bolt of light hits Sobieck's ghost.
You destroy Sobieck's ghost!
The Council accepts your kill.
You feel sick. The wraith hits you!
You die...

#.###.#### #.# # # #.# #
####.###.####
######..........## #
#####......#####......
#.#.#.#......# #..###.
#.....#......# #..# #.
#8/...W@.....## #..###.
#.$...'.....#.####......
#8$...'..###............
#?....#).##.#.#######.#.
#.#.#.#..#^###.....##.#.
# #####.#.#.#.####.##.#.
..#.##..........#.
.....########.....
#..#.# #.


You could see a wraith.

Vanquished Creatures
  The ghost of Sobieck the Thaumaturge, a novice DjCj of Makhleb (D:8)
  Pikel (D:6)
  Maggie (D:6)
  Prince Ribbit (D:7)
  Grinder (Sewer)
  Sigmund (D:2)
  A shadow (D:8)
  A yak (D:4)
  Eustachio (D:5)
  A steam dragon (D:7)
  Menkaure (D:6)
  2 water moccasins
  Duvessa (D:5)
  An orc warrior (D:7)
  2 ice beasts (D:5)
  A black bear (D:7)
  A sky beast (D:6)
  4 ogres
  2 phantoms
  3 kobold brigands
  4 scorpions
  3 necrophages
  9 wights
  Dowan (D:5)
  4 howler monkeys
  2 electric eels (D:7)
  2 quasits (Sewer)
  2 hounds
  2 jellies
  2 iguanas
  Crazy Yiuf (D:2)
  A gnoll bouda (D:4)
  Jessica (D:2)
  An orc wizard (D:3)
  3 gnolls (D:3)
  5 adders
  A shadow imp (Sewer)
  A white imp (D:6)
  5 ufetubi
  3 worms
  14 dart slugs
  22 orcs
  17 ball pythons
  10 endoplasms
  5 giant cockroaches
  7 goblins
  9 hobgoblins
  4 jackals (D:3)
  5 quokkas
  3 frilled lizards
  22 kobolds
  3 rats (D:1)
202 creatures vanquished.

Vanquished Creatures (others)
  2 endoplasms (Sewer)
  A kobold (Sewer)
  A kobold zombie (Sewer)
4 creatures vanquished.

Grand Total: 206 creatures vanquished

Notes
Turn   | Place    | Note
-------+----------+-------------------------------------------
     0 | D:1      | wingedge the Vine Stalker Enchanter began the quest for the
                  | Orb.
     0 | D:1      | Reached XP level 1. HP: 9/9 MP: 4/4
   218 | D:1      | Reached skill level 1 in Short Blades
   280 | D:1      | Reached skill level 1 in Ice Magic
   280 | D:1      | Reached XP level 2. HP: 6/13 MP: 6/6
   451 | D:1      | Learned a level 2 spell: Ensorcelled Hibernation
  1026 | D:1      | Reached XP level 3. HP: 16/16 MP: 7/7
  2006 | D:2      | Noticed Sigmund
  2021 | D:2      | Killed Sigmund
  2022 | D:2      | Reached skill level 1 in Fighting
  2022 | D:2      | Gained mutation: Your natural rate of healing is unusually
                  | fast. [Vine Stalker growth]
  2022 | D:2      | Reached XP level 4. HP: 22/22 MP: 7/9
  2022 | D:2      | Reached XP level 5. HP: 25/25 MP: 7/10
  2131 | D:2      | Noticed Jessica
  2143 | D:2      | Killed Jessica
  2144 | D:2      | Reached skill level 1 in Air Magic
  2144 | D:2      | Reached XP level 6. HP: 30/30 MP: 9/11
  2216 | D:2      | Found a runed translucent door.
  2217 | D:2      | Noticed Crazy Yiuf
  2223 | D:2      | Killed Crazy Yiuf
  2511 | D:3      | Reached skill level 1 in Throwing
  2832 | D:3      | Reached skill level 1 in Long Blades
  3061 | D:3      | Reached skill level 1 in Armour
  3318 | D:4      | Reached XP level 7. HP: 26/33 MP: 7/13
  3379 | D:4      | Found a staircase to the Ecumenical Temple.
  3401 | D:4      | Found an iron altar of Okawaru.
  3415 | D:4      | Found a shadowy altar of Dithmenos.
  3446 | D:4      | Found a large runed translucent door.
  3447 | D:4      | Found a large runed translucent door.
  3452 | D:4      | Noticed a yak
  3481 | Temple   | Entered the Ecumenical Temple
  3488 | Temple   | Became a worshipper of the Wu Jian Council
  3633 | D:4      | Killed a yak
  3641 | D:4      | Found a large runed translucent door.
  3641 | D:4      | Found a large runed translucent door.
  3655 | D:4      | Identified the +4 ring mail "Irphoa Zado" {Harm +Blink
                  | rC++}
  3860 | D:4      | Reached * piety under Wu Jian
  3946 | D:4      | Gained mutation: You have razor-sharp teeth. [Vine Stalker
                  | growth]
  3946 | D:4      | Reached XP level 8. HP: 37/39 MP: 10/15
  4191 | D:4      | Found a sparkling altar of Nemelex Xobeh.
  4226 | D:4      | Reached skill level 5 in Stealth
  4314 | D:5      | Entered Level 5 of the Dungeon
  4395 | D:5      | Reached skill level 1 in Evocations
  4458 | D:5      | Found a bloodstained altar of Trog.
  4474 | D:5      | Found a stormy altar of Qazlal.
  4476 | D:5      | Found a radiant altar of Vehumet.
  4542 | D:5      | Noticed Eustachio
  4551 | D:5      | Killed Eustachio
  4593 | D:5      | Learned a level 3 spell: Confusing Touch
  4597 | D:5      | Learned a level 3 spell: Dazzling Flash
  4601 | D:5      | Learned a level 3 spell: Tukima's Dance
  4731 | D:5      | Noticed Dowan
  4768 | D:5      | Killed Dowan
  4849 | D:5      | Reached XP level 9. HP: 44/44 MP: 17/17
  5011 | D:5      | Reached skill level 5 in Spellcasting
  5011 | D:5      | Reached skill level 1 in Conjurations
  5395 | D:5      | Noticed Duvessa
  5406 | D:5      | Killed Duvessa
  5486 | D:6      | Found a glowing drain.
  5499 | Sewer    | Entered a sewer
  5578 | Sewer    | Reached ** piety under Wu Jian
  5637 | Sewer    | Found a burning altar of Makhleb.
  5776 | Sewer    | Noticed Grinder
  5792 | Sewer    | Killed Grinder
  5896 | D:6      | Noticed Pikel
  5902 | D:6      | Killed Pikel
  5960 | D:6      | Reached skill level 5 in Hexes
  6136 | D:6      | Noticed Menkaure
  6142 | D:6      | Killed Menkaure
  6142 | D:6      | Noticed Maggie
  6149 | D:6      | Killed Maggie
  6150 | D:6      | Reached XP level 10. HP: 25/50 MP: 8/19
  6735 | D:7      | Reached *** piety under Wu Jian
  6958 | D:7      | Noticed Prince Ribbit
  6964 | D:7      | Killed Prince Ribbit
  7687 | D:8      | Found a runed translucent gate.
  7687 | D:8      | Found a runed translucent gate.
  7702 | D:8      | Found a runed translucent gate.
  7706 | D:8      | Noticed Sobieck's ghost (novice DjCj)
  7738 | D:8      | HP: 1/51 [wraith (3)]
  7739 | D:8      | Killed Sobieck's ghost
  7739 | D:8      | Slain by a wraith

Illustrated notes

Levels and vault maps discovered:
D:1:      co_arrival_random_square_maze, layout_rooms
D:2:      layout_loops_cross, minmay_misc_feat_more_columns,
          uniq_crazy_yiuf_cottage, uniq_sigmund, uniq_jessica
D:3:      layout_rooms
D:4:      layout_rooms, nemelex_altar_shiori,
          mainiacjoe_overflow_large_starburst, minmay_temple_entry_wispy,
          minmay_hollow_rounded_squares
D:5:      layout_gridville, grunt_temple_overflow_open, uniq_eustachio,
          uniq_duvessa
D:6:      layout_loops_ring, cheibrodos_sewer_entry_drain,
          kennysheep_generic_room_8, uniq_pikel, uniq_maggie, uniq_menkaure
D:7:      kennysheep_slugbush, layout_basic, uniq_prince_ribbit1
D:8:      layout_loops_ring, gammafunk_ghost_spectres, special_room
          [special_room_orc]
Temple:   nicolae_temple_superstar

Skill      XL: |  1  2  3  4  5  6  7  8  9 10 |
---------------+-------------------------------+-----
Short Blades   | 1 2 |  2.9
Ice Magic      | 1 2 3 4 |  4.5
Fighting       | 1 2 3 4 |  4.8
Stealth        | 4 5 6 |  6.5
Spellcasting   | 3 4 5 6 |  6.2
Air Magic      | 1 2 |  2.3
Throwing       | 1 2 3 |  3.0
Long Blades    | 1 2 3 4 |  4.8
Armour         | 1 2 3 4 |  4.3
Evocations     | 1 2 |  2.1
Hexes          | 4 5 |  5.6
Conjurations   | 2 3 |  3.0
Dodging        | |  1.9

Action                   |  1- 3 |  4- 6 |  7- 9 | 10-12 || total
-------------------------+-------+-------+-------+-------++-------
Melee: Dagger            |    68 |    35 |    81 |    90 ||   274
       Bite              |     8 |    14 |    59 |    34 ||   115
       Short sword       |       |    35 |    57 |     1 ||    93
       Long sword        |       |    13 |    28 |       ||    41
       Punch             |       |     2 |     1 |     2 ||     5
       Falchion          |       |       |    49 |    27 ||    76
       Staff             |       |       |       |     3 ||     3
Throw: Dart              |       |       |     4 |     8 ||    12
       Throwing net      |       |       |     3 |       ||     3
       Javelin           |       |       |       |     4 ||     4
 Cast: Ensorcelled Hiber |    24 |    40 |    38 |    13 ||   115
       Confusing Touch   |       |       |    10 |     8 ||    18
       Tukima's Dance    |       |       |       |     1 ||     1
Invok: Lunge             |       |       |    28 |    17 ||    45
       Whirlwind         |       |       |     8 |     8 ||    16
       Serpent's Lash    |       |       |       |     1 ||     1
 Abil: Wall Jump         |       |       |       |     2 ||     2
Evoke: Wand              |       |       |     4 |     7 ||    11
  Use: Potion            |     2 |       |     1 |     1 ||     4
       Scroll            |       |     1 |     8 |     5 ||    14
 Stab: Sleeping          |    17 |    24 |    33 |    17 ||    91
       Invisible         |     3 |       |     1 |     1 ||     5
       Distracted        |       |       |     1 |       ||     1
       Confused          |       |       |     5 |     5 ||    10
Armor: Robe              |     7 |       |     4 |       ||    11
       Leather armour    |       |    36 |     1 |       ||    37
       Ice dragon scales |       |       |    18 |    30 ||    48
       Ring mail         |       |       |    82 |    27 ||   109
Dodge: Dodged            |    41 |    46 |    98 |    51 ||   236

Table legend: (Time is in decaauts)
 A = Elapsed time spent in this place.
 B = Non-inter-level travel time spent in this place.
 C = Inter-level travel time spent in this place.
 D = Time resting spent in this place.
 E = Time spent auto-exploring this place.
 F = Levels seen in this place.
 G = Mean time per level.
                   A        B        C        D        E       F      G
               +--------+--------+--------+--------+--------+-----+--------+
         Total |   7660 |   7324 |    336 |   1308 |   3207 |  10 |  766.0 |
       Dungeon |   7288 |   6952 |    336 |   1308 |   3071 |   8 |  911.0 |
        Temple |     14 |     14 |      0 |      0 |      0 |   1 |   14.0 |
         Sewer |    356 |    356 |      0 |      0 |    136 |   1 |  356.0 |
               +--------+--------+--------+--------+--------+-----+--------+

Top non-repeatable levels by time:
     D:1: 1550 daAuts
     D:5: 1104 daAuts
     D:4: 998 daAuts
     D:2: 869 daAuts
     D:7: 853 daAuts
     D:3: 849 daAuts
     D:6: 809 daAuts
   Sewer: 356 daAuts
     D:8: 253 daAuts
  Temple: 14 daAuts
